[Event "Titled Tuesday Blitz June 29 2021"]
[White "erichansen"]
[Black "onnoelgersma"]
[WhiteElo "2922"]
[BlackElo "2449"]
[Result "1-0"]
[Round "01"]
[TimeControl "180+1"]
[Date "2021.06.29"]
[WhiteClock "0:01:49"]
[BlackClock "0:00:20"]

1. e4 Nc6 2. Nf3 d6 3. Nc3 Nf6 4. d4 g6 5. d5 Nb8 6. Be2 Bg7 7. O-O O-O 8. Re1 c6 9. Bf1 a6 10. a4 b6 11. Nd4 Bb7 12. Bc4 c5 13. Nf3 Nbd7 14. h3 b5 15. axb5 Nb6 16. Bf1 axb5 17. Rxa8 Bxa8 18. Bxb5 Nfd7 19. Bg5 Ne5 20. Nxe5 Bxe5 21. Qd2 Qc7 22. Ra1 c4 23. Be3 Rb8 24. Bd4 Nd7 25. Ra7 1-0


[Site "https://www.chess.com"]

[Event "Titled Tuesday Blitz June 29 2021"]
[White "exoticprincess"]
[Black "Tsyhanchuk_Stanislav"]
[WhiteElo "2871"]
[BlackElo "2444"]
[Result "1/2-1/2"]
[Round "01"]
[TimeControl "180+1"]
[Date "2021.06.29"]
[WhiteClock "0:00:13"]
[BlackClock "0:00:19"]

1. d4 Nf6 2. Nc3 d5 3. Bf4 a6 4. Qd2 e6 5. e3 b5 6. a3 c5 7. Nf3 Nc6 8. h3 Bd6 9. dxc5 Bxc5 10. Bd3 Bb7 11. O-O O-O 12. Rad1 Qe7 13. e4 dxe4 14. Nxe4 Nxe4 15. Bxe4 Rfd8 16. Qc3 Rac8 17. Rfe1 Nd4 18. Qd3 Nxf3+ 19. Qxf3 Bxe4 20. Qxe4 Rxd1 21. Rxd1 Rd8 22. Rxd8+ Qxd8 23. Qc6 Qd5 24. Qxa6 h6 25. Bg3 f5 26. Kh2 Bd4 27. c3 Be5 28. f4 Bd6 29. a4 g5 30. Qc8+ Kg7 31. Qd7+ Kg6 32. Qe8+ Kg7 33. Qd7+ Kg6 34. Qd8 Kg7 35. Qd7+ 1/2-1/2


[Site "https://www.chess.com"]

[Event "Titled Tuesday Blitz June 29 2021"]
[White "fabianvivasz"]
[Black "Mikhail_Bryakin"]
[WhiteElo "2402"]
[BlackElo "2774"]
[Result "0-1"]
[Round "01"]
[TimeControl "180+1"]
[Date "2021.06.29"]
[WhiteClock "0:00:01"]
[BlackClock "0:00:21"]

1. c4 g6 2. g3 Bg7 3. Bg2 c6 4. Nc3 d6 5. d4 Nf6 6. Nf3 O-O 7. O-O Nbd7 8. e4 e5 9. h3 Re8 10. Re1 a5 11. b3 exd4 12. Nxd4 Nc5 13. Bf4 Nh5 14. Be3 Nf6 15. Qc2 a4 16. b4 Ne6 17. Rad1 Qe7 18. Nxa4 Nxd4 19. Bxd4 Be6 20. Nb6 Ra6 21. a4 c5 22. b5 Rxb6 23. Bxf6 Bxf6 24. a5 Ra6 25. bxa6 bxa6 26. Rb1 Bd4 27. Rb6 Qg5 28. Kh2 h5 29. f4 Qd8 30. Rxa6 h4 31. g4 g5 32. f5 Bd7 33. Kh1 Qc7 34. Rb1 Bc6 35. e5 Bxg2+ 36. Qxg2 Rxe5 37. Ra8+ Kg7 38. a6 Qe7 39. Qf1 Re2 40. f6+ Bxf6 41. Rab8 Qe4+ 42. Kg1 Bd4+ 0-1


[Site "https://www.chess.com"]

[Event "Titled Tuesday Blitz June 29 2021"]
[White "fyall777"]
[Black "nrvisakh"]
[WhiteElo "2436"]
[BlackElo "2854"]
[Result "0-1"]
[Round "01"]
[TimeControl "180+1"]
[Date "2021.06.29"]
[WhiteClock "0:00:01"]
[BlackClock "0:00:33"]

1. d4 Nf6 2. Bg5 Ne4 3. h4 c5 4. dxc5 Nc6 5. Nd2 Nxc5 6. e4 d6 7. c3 h6 8. Be3 e6 9. Ngf3 Be7 10. b4 Nd7 11. Nc4 O-O 12. Nxd6 Nf6 13. Nxc8 Qxc8 14. Bd3 Rd8 15. Qc2 Ng4 16. Bf4 Bxb4 17. O-O Bc5 18. e5 Ne7 19. Rad1 Nd5 20. Bc1 Bb6 21. c4 Nb4 22. Bh7+ Kh8 23. Qb1 Qxc4 24. Rde1 Nd3 25. Re4 Qc3 26. Rxg4 Kxh7 27. Rd1 Rac8 28. Be3 Bxe3 29. fxe3 Qc2 0-1


[Site "https://www.chess.com"]

[Event "Titled Tuesday Blitz June 29 2021"]
[White "gonzaga23"]
[Black "DenLaz"]
[WhiteElo "2440"]
[BlackElo "2854"]
[Result "0-1"]
[Round "01"]
[TimeControl "180+1"]
[Date "2021.06.29"]
[WhiteClock "0:00:22"]
[BlackClock "0:00:21"]

1. e4 e5 2. Nf3 Nc6 3. Bc4 Bc5 4. c3 Nf6 5. d4 exd4 6. cxd4 Bb4+ 7. Bd2 Bxd2+ 8. Nbxd2 d5 9. exd5 Nxd5 10. Qb3 Na5 11. Qa4+ Nc6 12. Qb3 Nce7 13. O-O O-O 14. Rfe1 c6 15. Re2 Ng6 16. Bxd5 cxd5 17. Rc1 Qd6 18. Rc5 Nf4 19. Re3 b6 20. Rc1 Qg6 21. g3 Nh3+ 22. Kg2 Be6 23. Rxe6 Nf4+ 24. Kf1 Nxe6 25. Qxd5 Rad8 26. Qe5 Qd3+ 27. Kg2 Nxd4 28. Rc7 Nxf3 29. Nxf3 Rd5 30. Qe7 Rf5 31. Nh4 Qd5+ 32. Kg1 Re5 33. Qb4 Rfe8 34. Rc1 Re4 35. Qc3 Qd4 36. Nf5 Qxc3 37. Rxc3 g6 38. Nd6 Re1+ 39. Kg2 Rd8 40. Nb5 Re2 41. Nxa7 Rxb2 42. a3 Rdd2 43. Rf3 Rd5 44. Nc8 Kf8 45. g4 h5 46. h3 hxg4 47. hxg4 Rc2 48. Nxb6 Rb5 49. Nd7+ Kg7 50. Nf6 Rc4 51. Kg3 Rc8 52. Ne4 Rcb8 53. Nd6 Rb3 54. a4 Rxf3+ 55. Kxf3 Rb3+ 56. Kg2 Ra3 57. Nc4 Rxa4 58. Ne3 Rd4 59. Kg3 Kf6 60. Kf3 Kg5 61. Kg3 Re4 62. Kf3 Rf4+ 63. Kg3 f6 64. Kg2 Rxg4+ 65. Nxg4 Kxg4 66. Kg1 Kf3 67. Kf1 f5 68. Kg1 f4 69. Kf1 g5 70. Kg1 Ke2 71. Kg2 g4 72. Kg1 f3 73. Kh1 Kxf2 74. Kh2 g3+ 75. Kh1 g2+ 0-1


[Site "https://www.chess.com"]

[Event "Titled Tuesday Blitz June 29 2021"]
[White "goofypenguin96"]
[Black "Indianlad"]
[WhiteElo "2460"]
[BlackElo "2951"]
[Result "0-1"]
[Round "01"]
[TimeControl "180+1"]
[Date "2021.06.29"]
[WhiteClock "0:00:51"]
[BlackClock "0:01:35"]

1. e4 g6 2. d4 Bg7 3. c4 d6 4. Nc3 Nf6 5. f3 O-O 6. Be3 e5 7. d5 Nh5 8. Nge2 f5 9. Qd2 Nd7 10. O-O-O a6 11. g4 fxg4 12. fxg4 Nhf6 13. h3 b5 14. Qd3 bxc4 15. Qxc4 Nb6 16. Bxb6 cxb6 17. Bg2 b5 18. Qd3 b4 19. Nb1 Bd7 20. Nd2 Bb5 21. Qe3 Nd7 22. Kb1 Qb6 23. Qxb6 Nxb6 24. Nc1 Bh6 25. Nf3 Be2 26. g5 Bxd1 27. Rxd1 Bg7 28. Nd3 a5 29. Rc1 Rac8 30. b3 Rxc1+ 31. Kxc1 h6 32. h4 hxg5 33. hxg5 Nd7 34. Kd2 Rf7 35. Ke3 Nb6 36. Bh3 Rc7 37. Be6+ Kh7 38. Nh4 Bf8 39. Nf2 Be7 40. Nf3 Rc3+ 41. Ke2 a4 42. Ng4 axb3 43. axb3 Rxb3 44. Nf6+ Kg7 45. Ne8+ Kf8 46. Nf6 Rxf3 47. Kxf3 b3 0-1


[Site "https://www.chess.com"]

[Event "Titled Tuesday Blitz June 29 2021"]
[White "grunbergmihai"]
[Black "Duhless"]
[WhiteElo "2470"]
[BlackElo "3060"]
[Result "0-1"]
[Round "01"]
[TimeControl "180+1"]
[Date "2021.06.29"]
[WhiteClock "0:00:27"]
[BlackClock "0:00:46"]

1. Nf3 g6 2. c4 Bg7 3. g3 c5 4. Bg2 Nc6 5. O-O d6 6. Nc3 Bf5 7. d3 Qc8 8. Re1 Bh3 9. Bh1 Nf6 10. a3 O-O 11. Rb1 Rb8 12. b4 b6 13. Bd2 Rd8 14. Qa4 Bd7 15. b5 Na5 16. Qc2 Nb7 17. e4 Re8 18. e5 dxe5 19. Nxe5 Nd8 20. Bf4 Ne6 21. Nxd7 Nxd7 22. Bxb8 Nd4 23. Qd1 Qxb8 24. Nd5 e6 25. Ne3 Rd8 26. f4 h5 27. Nc2 Nxc2 28. Qxc2 Bd4+ 29. Kf1 Nf6 30. Bf3 Kg7 31. Kg2 h4 32. Qd2 Rh8 33. a4 Qc7 34. g4 h3+ 35. Kh1 Rh4 36. f5 Nxg4 37. Bxg4 Rxg4 38. Re2 Qb7+ 0-1


[Site "https://www.chess.com"]

[Event "Titled Tuesday Blitz June 29 2021"]
[White "hanzo_hasashi1"]
[Black "dosto07"]
[WhiteElo "2783"]
[BlackElo "2406"]
[Result "1-0"]
[Round "01"]
[TimeControl "180+1"]
[Date "2021.06.29"]
[WhiteClock "0:01:10"]
[BlackClock "0:00:17"]

1. e4 e5 2. Nf3 Nc6 3. Bb5 a6 4. Ba4 Nf6 5. O-O Be7 6. d3 b5 7. Bb3 O-O 8. a4 b4 9. a5 d6 10. Nbd2 Rb8 11. h3 Be6 12. Nc4 Nd7 13. Be3 Bf6 14. Nfd2 Ne7 15. f4 exf4 16. Bxf4 Ng6 17. Be3 Nc5 18. Ba2 Bg5 19. Qe2 h6 20. d4 Bxc4 21. Bxc4 Ne6 22. Bxa6 c5 23. d5 Bxe3+ 24. Qxe3 Nd4 25. Bd3 Ra8 26. c3 bxc3 27. bxc3 Rxa5 28. cxd4 cxd4 29. Qxd4 Rxa1 30. Rxa1 Ne5 31. Nc4 Ng6 32. e5 dxe5 33. Nxe5 Qf6 34. Bxg6 fxg6 35. Nc6 Qxd4+ 36. Nxd4 Rd8 37. Nc6 Rd7 38. Rd1 Kf7 39. Ne5+ 1-0


[Site "https://www.chess.com"]

[Event "Titled Tuesday Blitz June 29 2021"]
[White "hongnhung1234"]
[Black "OriTaichman"]
[WhiteElo "2343"]
[BlackElo "2651"]
[Result "0-1"]
[Round "01"]
[TimeControl "180+1"]
[Date "2021.06.29"]
[WhiteClock "0:00:07"]
[BlackClock "0:00:26"]

1. e4 c5 2. Nc3 Nc6 3. f4 g6 4. Nf3 Bg7 5. Bc4 Na5 6. Bb3 c4 7. Ba4 a6 8. b4 b5 9. bxa5 Qxa5 10. O-O b4 11. Nd5 Bxa1 12. c3 bxc3 13. dxc3 Bxc3 14. Nxc3 Qxc3 15. Qd5 Rb8 16. Ne5 Nf6 17. Qxf7+ Kd8 18. Rd1 Rb1 19. Nc6+ Kc7 20. Qxe7 Nxe4 21. Qxe4 Rxc1 22. Ne7 Bb7 23. Qe2 Qd4+ 24. Kh1 Rxd1+ 25. Bxd1 Re8 26. h4 Rxe7 27. Qxe7 Qxd1+ 28. Kh2 Qd5 29. Qe2 Qxg2+ 30. Qxg2 Bxg2 31. Kxg2 c3 32. h5 c2 33. hxg6 hxg6 34. Kg3 c1=Q 0-1


[Site "https://www.chess.com"]

[Event "Titled Tuesday Blitz June 29 2021"]
[White "jovencata"]
[Black "Susal_De_Silva"]
[WhiteElo "2356"]
[BlackElo "2668"]
[Result "1-0"]
[Round "01"]
[TimeControl "180+1"]
[Date "2021.06.29"]
[WhiteClock "0:00:12"]
[BlackClock "0:00:25"]

1. Nf3 g6 2. g3 Bg7 3. Bg2 d6 4. O-O Nf6 5. c3 O-O 6. d4 Nbd7 7. Nbd2 e5 8. e4 Re8 9. Re1 b5 10. dxe5 dxe5 11. a4 c6 12. Qb3 Nc5 13. Qc2 Nxa4 14. c4 Nc5 15. cxb5 Nd3 16. Rd1 Nxf2 17. Kxf2 Ng4+ 18. Ke2 Qb6 19. Rf1 Qe3+ 20. Kd1 Nf2+ 21. Rxf2 Qxf2 22. Bf1 Bg4 23. Be2 Rad8 24. Qxc6 Bxf3 25. Bxf3 Qxf3+ 26. Ke1 Qh1+ 27. Nf1 Rc8 28. Qb7 Rc4 29. Rxa7 Rxe4+ 30. Kf2 Rf8 31. Be3 h6 32. Bc5 Re2+ 33. Kxe2 e4 34. Bxf8 Qf3+ 35. Ke1 Bxf8 36. Qxf7+ Qxf7 37. Rxf7 Kxf7 38. Ke2 Bc5 39. Nd2 e3 40. Nc4 Bd4 41. b3 Ke6 42. Nxe3 Bc5 43. Kd3 Ke5 44. Ng4+ Kf5 45. Nxh6+ Kf6 46. Ng4+ Kg5 47. Ne3 Bb6 48. Nd5 Bg1 49. b6 Bxh2 50. Nc3 Kf5 51. Ne4 Bg1 52. b7 Ba7 53. Nd6+ Kg4 54. Ne4 Bb8 55. b4 Kf3 56. Kd4 Kg4 57. Ke3 Kf5 58. Kf3 Ke5 59. Nc5 Kd5 60. Nd7 Kc6 61. Nxb8+ Kxb7 62. Nd7 Kc7 63. Ne5 Kd6 64. Nxg6 Kd5 65. Nf4+ Kc4 66. g4 Kxb4 67. g5 Kc3 68. Ke4 Kd2 69. Kf5 Ke1 70. g6 Kf2 71. g7 Kg1 72. g8=Q+ Kh2 73. Qg2# 1-0


[Site "https://www.chess.com"]

[Event "Titled Tuesday Blitz June 29 2021"]
[White "kobemagic"]
[Black "Aygehovit1992"]
[WhiteElo "2357"]
[BlackElo "2683"]
[Result "1-0"]
[Round "01"]
[TimeControl "180+1"]
[Date "2021.06.29"]
[WhiteClock "0:01:40"]
[BlackClock "0:01:18"]

1. c4 e5 2. g3 Nc6 3. Bg2 g6 4. Nc3 Bg7 5. d3 f5 6. e4 Nf6 7. Nge2 d6 8. O-O O-O 9. Be3 Nh5 10. f4 fxe4 11. Nxe4 Bg4 12. fxe5 Nxe5 13. Qd2 Nf3+ 14. Bxf3 Bxf3 15. Nf4 Bg4 16. Nxh5 Bxh5 17. Rxf8+ Qxf8 18. Rf1 Qe7 19. Bg5 Bd4+ 20. Kg2 Qd7 21. Bf6 Bb6 22. Bc3 Rf8 23. Rxf8+ Kxf8 24. Qh6+ Ke7 25. Qg7+ Kd8 26. Bf6+ 1-0


[Site "https://www.chess.com"]

[Event "Titled Tuesday Blitz June 29 2021"]
[White "konzip22"]
[Black "Aborigen_came"]
[WhiteElo "2346"]
[BlackElo "2653"]
[Result "0-1"]
[Round "01"]
[TimeControl "180+1"]
[Date "2021.06.29"]
[WhiteClock "0:00:01"]
[BlackClock "0:00:02"]

1. e4 Nc6 2. Nc3 e6 3. d4 d5 4. e5 f6 5. f4 Nh6 6. Nf3 Be7 7. Bb5 O-O 8. O-O a6 9. exf6 Bxf6 10. Bxc6 bxc6 11. Ne5 Qd6 12. Na4 Nf7 13. Re1 Be7 14. Nc5 Nxe5 15. fxe5 Qd8 16. Nd3 Bd7 17. Be3 Be8 18. Qg4 Rf5 19. Nf4 Qd7 20. Rf1 Bg5 21. Rae1 Bxf4 22. Rxf4 Bh5 23. Qg3 Rxf4 24. Bxf4 Rf8 25. b4 Qf7 26. Be3 Bg6 27. c3 Be4 28. h4 Kh8 29. Kh2 h6 30. Re2 Qh5 31. Rf2 Bf5 32. Kg1 Rg8 33. a3 g6 34. Qf4 Kh7 35. Kh2 g5 36. Qg3 Rg7 37. Kg1 gxh4 38. Qf3 Qg6 39. Kh2 Qg3+ 40. Kh1 Qg6 41. Qf4 h3 42. g3 Be4+ 43. Kh2 Bf5 44. Qh4 Rf7 45. g4 Bxg4 46. Rxf7+ Qxf7 47. Qxg4 Qe8 48. Qxh3 Qg6 49. Qg3 Qc2+ 50. Kh3 Qd3 51. Bf4 Qf5+ 52. Qg4 Qd3+ 53. Qg3 Qf1+ 54. Kh2 Qe2+ 55. Qg2 Qh5+ 56. Qh3 Qe2+ 57. Qg2 Qh5+ 58. Kg1 Qd1+ 59. Qf1 Qg4+ 60. Kh2 Qh4+ 0-1


[Site "https://www.chess.com"]

[Event "Titled Tuesday Blitz June 29 2021"]
[White "lider34"]
[Black "Alexsur1981"]
[WhiteElo "2443"]
[BlackElo "2862"]
[Result "0-1"]
[Round "01"]
[TimeControl "180+1"]
[Date "2021.06.29"]
[WhiteClock "0:00:15"]
[BlackClock "0:01:42"]

1. e4 c5 2. c3 e6 3. d4 d5 4. exd5 exd5 5. Bb5+ Nc6 6. Nf3 Bd6 7. dxc5 Bxc5 8. O-O Ne7 9. Nbd2 O-O 10. Nb3 Bb6 11. h3 Nf5 12. Re1 h6 13. Bd3 Qf6 14. Bc2 Be6 15. Qd3 Rfe8 16. Nbd4 Ncxd4 17. Nxd4 Nxd4 18. cxd4 Bxd4 19. Be3 Bxe3 20. Rxe3 g6 21. Rae1 Kg7 22. b3 Rac8 23. Qd1 Rc6 24. Rf3 Qb2 25. Re2 Rec8 26. Bxg6 Rc1 27. Rxb2 Rxd1+ 28. Kh2 fxg6 0-1


[Site "https://www.chess.com"]

[Event "Titled Tuesday Blitz June 29 2021"]
[White "m_ezat"]
[Black "FairChess_on_YouTube"]
[WhiteElo "2465"]
[BlackElo "2985"]
[Result "0-1"]
[Round "01"]
[TimeControl "180+1"]
[Date "2021.06.29"]
[WhiteClock "0:00:01"]
[BlackClock "0:00:54"]

1. d4 Nf6 2. c4 c5 3. d5 e5 4. Nc3 d6 5. e4 Be7 6. Be2 a6 7. Nf3 Nbd7 8. O-O Nf8 9. Ne1 Ng6 10. Nd3 b5 11. f3 bxc4 12. Ne1 h5 13. Bxc4 h4 14. Nd3 Nh5 15. Rb1 a5 16. a3 Bg5 17. Qa4+ Bd7 18. Bb5 Bxc1 19. Bxd7+ Qxd7 20. Rfxc1 Nhf4 21. Nxf4 Nxf4 22. Kf1 Rb8 23. Qxd7+ Kxd7 24. Rd1 Rb3 25. Ne2 g5 26. Nxf4 gxf4 27. Ke2 Rg8 28. Kf2 Rgb8 29. Rd2 c4 0-1


[Site "https://www.chess.com"]

[Event "Titled Tuesday Blitz June 29 2021"]
[White "marabu44"]
[Black "JiaHaoxiang"]
[WhiteElo "2338"]
[BlackElo "2647"]
[Result "0-1"]
[Round "01"]
[TimeControl "180+1"]
[Date "2021.06.29"]
[WhiteClock "0:01:03"]
[BlackClock "0:01:44"]

1. d4 Nf6 2. c4 c5 3. d5 b5 4. cxb5 a6 5. bxa6 g6 6. Nc3 Bxa6 7. e4 Bxf1 8. Kxf1 d6 9. g3 Bg7 10. Kg2 O-O 11. Nf3 Nbd7 12. Re1 Qa5 13. Bd2 Rfb8 14. b3 Ng4 15. Na4 Qa6 16. Rc1 Nge5 17. Bc3 Nd3 18. Bxg7 Nxe1+ 19. Qxe1 Kxg7 20. Qc3+ Kg8 21. e5 dxe5 22. Nxe5 Nxe5 23. Qxe5 Qd6 24. f4 Rd8 25. Qxd6 Rxd6 26. Rxc5 e6 27. dxe6 Rd2+ 28. Kh3 fxe6 29. Nc3 Rc2 30. a4 Rd8 31. Ne4 Rxc5 32. Nxc5 Rb8 33. Kg4 Kf7 34. Kf3 Ke7 35. Ke4 Kd6 36. Kd4 Rb4+ 37. Kc3 Kxc5 0-1


[Site "https://www.chess.com"]

[Event "Titled Tuesday Blitz June 29 2021"]
[White "mbojan"]
[Black "Darius321"]
[WhiteElo "2654"]
[BlackElo "2347"]
[Result "1-0"]
[Round "01"]
[TimeControl "180+1"]
[Date "2021.06.29"]
[WhiteClock "0:01:38"]
[BlackClock "0:01:16"]

1. e4 e5 2. Nf3 Nc6 3. Nc3 Nf6 4. d4 exd4 5. Nxd4 Bb4 6. Nxc6 bxc6 7. Bd3 d5 8. exd5 cxd5 9. O-O O-O 10. h3 Be6 11. Qf3 Bxc3 12. bxc3 Re8 13. Bg5 h6 14. Bh4 g5 15. Bg3 c6 16. Rfe1 Kg7 17. Be5 a5 18. a4 Rh8 19. Rab1 h5 20. Qe3 Kh6 21. h4 Rg8 22. hxg5+ Rxg5 23. f4 Rxe5 24. fxe5+ 1-0


[Site "https://www.chess.com"]

[Event "Titled Tuesday Blitz June 29 2021"]
[White "retropwr"]
[Black "Fighter008"]
[WhiteElo "2354"]
[BlackElo "2662"]
[Result "0-1"]
[Round "01"]
[TimeControl "180+1"]
[Date "2021.06.29"]
[WhiteClock "0:00:02"]
[BlackClock "0:00:08"]

1. c4 Nf6 2. Nf3 g6 3. d4 Bg7 4. g3 O-O 5. Bg2 d6 6. Nc3 Nbd7 7. O-O e5 8. e4 exd4 9. Nxd4 Re8 10. h3 a6 11. Qc2 Rb8 12. Rd1 Nc5 13. Bf4 Bd7 14. Rab1 Qc8 15. Kh2 h5 16. Be3 h4 17. g4 Bxg4 18. hxg4 Nxg4+ 19. Kh1 h3 20. Bf3 Ne5 21. Be2 b5 22. cxb5 axb5 23. b4 Ne6 24. Ncxb5 Nxd4 25. Nxd4 Ng4 26. Bxg4 Qxg4 27. f3 Qh5 28. Qf2 Ra8 29. Rbc1 Ra3 30. Rf1 Rea8 31. Rc2 d5 32. exd5 Qxd5 33. Nb3 Re8 34. Bd4 f6 35. Re2 Rea8 36. Bc5 R3a6 37. Rg1 Qf5 38. Qg3 Kh7 39. Qh4+ Kg8 40. Qc4+ Kh7 41. Qh4+ Kg8 42. Qg4 Qd3 43. Rf2 Kf7 44. Nc1 Qb1 45. Ne2 Qf5 46. Qxf5 gxf5 47. Nd4 Rxa2 48. Rxa2 Rxa2 49. Nxf5 Bh8 50. Nh6+ Ke6 51. Ng4 f5 52. Nf2 Be5 53. Re1 Kd5 54. Rd1+ Kc4 55. Re1 Bg3 56. Rc1+ Kd5 57. Rd1+ Kc4 58. Rf1 Re2 59. Rc1+ Kd5 60. Nxh3 Rh2+ 61. Kg1 Ra2 62. Ng5 Bf4 63. Rd1+ Kc4 64. Ne6 Bh6 65. Rd4+ Kc3 66. Rd1 Kc2 67. Rf1 Kd3 68. Rd1+ Ke2 69. Rf1 Rc2 70. Rf2+ Kd1 71. Rxc2 Kxc2 72. Nd4+ Kd3 73. Nxf5 Bf4 74. Ne7 Kc4 75. Nc6 Kd3 76. Nb8 Ke2 77. Nd7 Kxf3 78. Nf8 Ke4 79. Ne6 Be5 80. Ng5+ Kd5 81. Nf3 Bc3 82. Kg2 Kc4 83. Ne5+ Bxe5 84. Kf3 Bc3 85. Ke4 Bxb4 86. Be3 Bd6 87. Bc1 Bc5 88. Bb2 c6 89. Bc1 Bg1 90. Kf3 Kd3 91. Kf4 Bd4 92. Kf5 c5 93. Ke6 c4 94. Kd5 c3 0-1


[Site "https://www.chess.com"]

[Event "Titled Tuesday Blitz June 29 2021"]
[White "rynos0411"]
[Black "Alexander_Moskalenko"]
[WhiteElo "2448"]
[BlackElo "2913"]
[Result "0-1"]
[Round "01"]
[TimeControl "180+1"]
[Date "2021.06.29"]
[WhiteClock "0:00:02"]
[BlackClock "0:00:40"]

1. d4 f5 2. Bg5 Nf6 3. Bxf6 exf6 4. e3 d5 5. Nd2 Be6 6. h4 h5 7. Be2 g6 8. c4 c6 9. Qb3 Qd7 10. Nh3 Bh6 11. O-O Kf7 12. Rac1 a5 13. cxd5 cxd5 14. Qb6 Nc6 15. Bb5 Rhc8 16. Nb3 Qc7 17. Qc5 Bf8 18. Qc2 Qb6 19. Bxc6 Rxc6 20. Nc5 Rac8 21. Qb3 Qxb3 22. Nxb3 a4 23. Rxc6 Rxc6 24. Nc1 Rc2 25. Nd3 Bd7 26. Nhf4 Bb5 27. Rc1 Rd2 28. Nc5 Rxb2 29. Nxb7 Bc4 30. Nd8+ Ke8 31. Nc6 Rxa2 32. Na5 Ba3 33. Rd1 Bb4 0-1


[Site "https://www.chess.com"]

[Event "Titled Tuesday Blitz June 29 2021"]
[White "sau6on"]
[Black "chessdjw"]
[WhiteElo "2399"]
[BlackElo "2772"]
[Result "0-1"]
[Round "01"]
[TimeControl "180+1"]
[Date "2021.06.29"]
[WhiteClock "0:00:15"]
[BlackClock "0:01:37"]

1. d4 Nf6 2. c4 g6 3. Nc3 d5 4. e3 Bg7 5. Qb3 dxc4 6. Bxc4 O-O 7. Nf3 c5 8. dxc5 Nbd7 9. Qa3 Qc7 10. b4 a5 11. O-O b6 12. Bb2 Bb7 13. Nb5 Qb8 14. cxb6 Ng4 15. h3 axb4 16. Qxb4 Bxb2 17. Qxb2 Nxb6 18. Be2 Bxf3 19. hxg4 Na4 20. Qd2 Rd8 21. Qc2 Bxe2 22. Qxe2 Qe5 23. Rac1 Rab8 24. Na3 Nc3 25. Qc2 Rdc8 26. Qd3 Nxa2 27. Rxc8+ Rxc8 28. Nb5 Nc1 29. Qb1 Ne2+ 30. Kh1 Rc5 31. Qd3 Qh5+ 32. gxh5 Rxh5# 0-1


[Site "https://www.chess.com"]

[Event "Titled Tuesday Blitz June 29 2021"]
[White "seorobert1971"]
[Black "Pikachess999"]
[WhiteElo "2773"]
[BlackElo "2400"]
[Result "1-0"]
[Round "01"]
[TimeControl "180+1"]
[Date "2021.06.29"]
[WhiteClock "0:02:05"]
[BlackClock "0:01:28"]

1. Nf3 d5 2. d4 Nf6 3. Bg5 e6 4. e3 c5 5. c3 h6 6. Bh4 Be7 7. Nbd2 O-O 8. Bd3 Nc6 9. O-O Qd6 10. Bg3 Qd8 11. Ne5 Nd7 12. Nxc6 bxc6 13. Qc2 c4 14. Be2 Bh4 15. b3 Bxg3 16. hxg3 cxb3 17. axb3 c5 18. dxc5 Nxc5 19. b4 Nd7 20. Ra5 Bb7 21. Rfa1 Qb6 22. Qa4 Bc6 23. b5 Nc5 24. Qa3 Bd7 25. Rxa7 Rab8 26. c4 dxc4 27. Nxc4 Qxb5 28. Ra5 Qxa5 29. Nxa5 1-0


[Site "https://www.chess.com"]

[Event "Titled Tuesday Blitz June 29 2021"]
[White "tteshan"]
[Black "tdf98pantani"]
[WhiteElo "2340"]
[BlackElo "2649"]
[Result "1-0"]
[Round "01"]
[TimeControl "180+1"]
[Date "2021.06.29"]
[WhiteClock "0:01:16"]
[BlackClock "0:01:53"]

1. e4 e6 2. d4 d5 3. Nd2 c5 4. exd5 exd5 5. Bb5+ Nc6 6. Ngf3 Bd6 7. dxc5 Bxc5 8. O-O Ne7 9. Nb3 Bd6 10. Nbd4 O-O 11. h3 Bc7 12. Re1 Qd6 13. c3 Ng6 14. Bd3 Bd7 15. Nf5 Bxf5 16. Bxf5 Rfe8 17. g3 Rad8 18. Rxe8+ Rxe8 19. Bxg6 hxg6 20. Bf4 Qd7 21. Bxc7 Qxc7 22. Qxd5 Qb6 23. Qd2 Rd8 24. Qe2 Qa5 25. h4 Qd5 26. Re1 Qxa2 27. Qe8+ Kh7 28. Ng5+ Kh6 29. Nxf7+ Kh5 30. Nxd8 1-0


[Site "https://www.chess.com"]

[Event "Titled Tuesday Blitz June 29 2021"]
[White "tvjosue"]
[Black "kudesnik84"]
[WhiteElo "2682"]
[BlackElo "2357"]
[Result "1-0"]
[Round "01"]
[TimeControl "180+1"]
[Date "2021.06.29"]
[WhiteClock "0:01:24"]
[BlackClock "0:00:01"]

1. Nf3 g6 2. g3 Bg7 3. Bg2 Nf6 4. O-O O-O 5. d4 d6 6. c4 c6 7. Nc3 Nbd7 8. b3 Re8 9. e3 a5 10. Bb2 e5 11. Rc1 Qe7 12. Ba3 Bf8 13. Re1 Rd8 14. d5 c5 15. Nd2 Ne8 16. e4 Bh6 17. Rc2 f5 18. exf5 gxf5 19. Nb5 Ndf6 20. Nf1 Bd7 21. Rd2 Ng7 22. Rde2 Rac8 23. Bc1 Bxc1 24. Qxc1 Bxb5 25. cxb5 Re8 26. Ne3 Qf7 27. Nxf5 Nxf5 28. Bh3 Nxd5 29. f4 Nd4 30. Rf2 e4 31. Bxc8 1-0


[Site "https://www.chess.com"]

[Event "Titled Tuesday Blitz June 29 2021"]
[White "ukchessbomber"]
[Black "SergioGarciaFuentes"]
[WhiteElo "2648"]
[BlackElo "2339"]
[Result "1-0"]
[Round "01"]
[TimeControl "180+1"]
[Date "2021.06.29"]
[WhiteClock "0:01:11"]
[BlackClock "0:00:01"]

1. d4 d5 2. c4 c6 3. Nc3 Nf6 4. cxd5 cxd5 5. Bf4 Nc6 6. e3 a6 7. Bd3 Bg4 8. Qb3 Na5 9. Qa4+ b5 10. Nxb5 axb5 11. Bxb5+ Bd7 12. Rc1 Nc4 13. Bxd7+ Nxd7 14. Qb5 e5 15. Bxe5 Rxa2 16. b3 Nxe5 17. dxe5 Ba3 18. Rd1 O-O 19. Qxd5 Bb4+ 20. Kf1 Qb6 21. Qxd7 Bc5 22. Qd3 h6 23. Ne2 Rb2 24. Nd4 Bxd4 25. Qxd4 Qb5+ 26. Kg1 Qe2 27. Rf1 Rc8 28. Qd1 Qb5 29. h4 Rcc2 30. Rh3 Qxb3 31. Rg3 Qe6 32. Qd8+ Kh7 33. Qf8 g6 34. Rf3 Rc7 35. Rf6 Qxe5 36. Rxf7+ Rxf7 37. Qxf7+ Qg7 38. Qxg7+ Kxg7 39. Rd1 Kf6 40. Rd6+ Kf5 41. f3 h5 42. Kh2 Re2 43. Rd5+ Kf6 44. e4 Rc2 45. Ra5 Rb2 46. Kg3 Rc2 47. Ra6+ Kf7 48. Ra1 Rc3 49. Rg1 Rc2 50. Kf4 Kf6 51. g4 hxg4 52. fxg4 Rc3 53. Ra1 Rh3 54. Ra6+ Kf7 55. Kg5 Re3 56. Rf6+ Ke7 57. Rxg6 Rxe4 58. Rf6 Re5+ 59. Rf5 Re4 60. h5 Ke8 61. h6 Re6 62. h7 1-0


[Site "https://www.chess.com"]

[Event "Titled Tuesday Blitz June 29 2021"]
[White "ulkaf961"]
[Black "Undisputed92"]
[WhiteElo "2368"]
[BlackElo "2704"]
[Result "1/2-1/2"]
[Round "01"]
[TimeControl "180+1"]
[Date "2021.06.29"]
[WhiteClock "0:00:04"]
[BlackClock "0:00:17"]

1. d4 d6 2. e4 Nf6 3. Nc3 e5 4. Nf3 exd4 5. Nxd4 Be7 6. Be2 O-O 7. O-O Re8 8. Re1 Bf8 9. Qd3 Nbd7 10. Bg5 h6 11. Bxf6 Nxf6 12. Bf3 Nd7 13. Nd5 Ne5 14. Qc3 c6 15. Nf4 Qf6 16. Nh5 Nxf3+ 17. Nxf3 Qxc3 18. bxc3 Bg4 19. Ng3 Bxf3 20. gxf3 g6 21. Rab1 Re7 22. Red1 Rd8 23. e5 d5 24. f4 Rde8 25. Rd4 h5 26. c4 h4 27. Nf1 dxc4 28. Rxc4 g5 29. fxg5 Rxe5 30. Rxh4 Rxg5+ 31. Ng3 b5 32. Kf1 Bg7 33. Ne4 Rge5 34. f3 f5 35. Ng3 Rc5 36. Rh5 Ree5 37. Re1 Rxe1+ 38. Kxe1 Rxc2 39. Nxf5 Bc3+ 40. Kd1 Rxa2 41. Ne7+ Kf7 42. Nxc6 b4 43. Rb5 Rb2 44. Kc1 b3 45. Na5 Rc2+ 46. Kb1 Bxa5 47. Rxa5 Rxh2 48. Rxa7+ Ke6 49. Rb7 Kf5 50. Rxb3 Rf2 51. Rc3 Kf4 52. Kc1 Rxf3 53. Rxf3+ Kxf3 1/2-1/2


[Site "https://www.chess.com"]

[Event "Titled Tuesday Blitz June 29 2021"]
[White "viditchess"]
[Black "Artem_0degov"]
[WhiteElo "3047"]
[BlackElo "2466"]
[Result "1-0"]
[Round "01"]
[TimeControl "180+1"]
[Date "2021.06.29"]
[WhiteClock "0:00:57"]
[BlackClock "0:00:02"]

1. Nf3 Nf6 2. c4 g6 3. Nc3 Bg7 4. g3 O-O 5. Bg2 c5 6. d4 cxd4 7. Nxd4 Nc6 8. O-O d6 9. e3 Bd7 10. b3 Qa5 11. Bd2 Qh5 12. Nde2 Rac8 13. Rc1 g5 14. f3 Ne5 15. e4 g4 16. Nf4 Nxf3+ 17. Rxf3 Qc5+ 18. Be3 gxf3 19. Bxc5 fxg2 20. Bxa7 Bg4 21. Qd2 Ra8 22. Be3 Nd7 23. Kxg2 Ne5 24. Rf1 h5 25. h3 e6 26. hxg4 Nxg4 27. Nxh5 Bxc3 28. Qxc3 Rxa2+ 29. Bd2 Ne5 30. Qe3 f6 31. Qh6 Kf7 32. Rxf6+ Ke7 33. Qxf8+ Kd7 34. Rf2 Nd3 35. Nf6+ Kc6 36. Qc8+ Kb6 37. Be3+ Ka6 38. Rxa2# 1-0


[Site "https://www.chess.com"]